AoeStats
← arthur

MegaRandom

509084220Analyzed
4v4 RM · 7d ago on Sep 25, 2026· 36m 1s· 8 players
Game mode
Random Map
Map size
Large (8 player)
Population
200
Speed
Normal
Resources
Standard
Victory
Conquest
Starting age
Dark Age
Ending age
Imperial Age
RankedLock teamsTeams togetherTeam positionsShared explorationLock speedFull tech treeHidden civsTurbo modeCheats
Victory
Defeat
🇨🇳 Persians · China
1410
+14
🇨🇭 Varangians · Switzerland
1377
+16
🇫🇷 Khmer · France
1366
+16
🇹🇷 Mongols · Türkiye
1321
+18
🇨🇳 Magyars · China
1461
-20
🇨🇳 Vietnamese · China
1421
-18
🇦🇺 Ethiopians · Australia
1375
-16
🇨🇳 Varangians · China
1223
-10
arthur
8:24 Loom
10:10 Feudal Age
13:26 Castle Age
11:32 Double-Bit Axe
12:13 Horse Collar
14:47 Bow Saw
18:39 Scale Barding Armor
20:29 Husbandry
21:34 Chain Barding Armor
22:59 Forging
24:25 Iron Casting
24:12 Gold Mining
25:50 Wheelbarrow
25:01 Town Watch
26:03 Gold Shaft Mining
26:15 Bloodlines
27:11 Heavy Plow
31:36 Imperial Age
30:26 Stone Mining
32:20 Hand Cart
31:39 Cavalier
33:49 Plate Barding Armor
34:56 Blast Furnace
xxx.
9:01 Feudal Age
7:20 Loom
9:27 Feudal Age
12:37 Double-Bit Axe
14:35 Horse Collar
18:21 Castle Age
17:21 Bloodlines
20:36 Bow Saw
24:19 Scale Barding Armor
25:14 Forging
26:41 Wheelbarrow
26:17 Heavy Plow
27:08 Husbandry
29:59 Chain Barding Armor
31:31 Iron Casting
32:08 Hand Cart
35:25 Town Watch
lorddoc
6:54 Loom
9:44 Feudal Age
12:06 Bloodlines
12:12 Double-Bit Axe
15:43 Horse Collar
23:45 Castle Age
24:53 Scale Barding Armor
24:59 Forging
25:21 Heavy Plow
26:16 Chain Barding Armor
35:39 Wheelbarrow
Lucky7
6:46 Loom
8:55 Feudal Age
9:54 Double-Bit Axe
10:33 Horse Collar
19:09 Castle Age
17:40 Gold Mining
19:17 Wheelbarrow
18:59 Fletching
20:10 Bow Saw
20:03 Heavy Plow
28:17 Elite Skirmisher
wjc980418
11:12 Feudal Age
15:24 Castle Age
13:19 Double-Bit Axe
14:36 Horse Collar
17:24 Castle Age
15:53 Gold Mining
16:17 Fletching
17:00 Bloodlines
17:30 Scale Barding Armor
18:14 Forging
22:05 Husbandry
23:36 Chain Barding Armor
25:13 Iron Casting
30:41 Loom
31:35 Wheelbarrow
31:54 Bow Saw
31:46 Heavy Plow
ROYAL PIGGY
7:21 Loom
10:10 Feudal Age
12:34 Fletching
13:37 Padded Archer Armor
17:26 Horse Collar
17:34 Double-Bit Axe
24:52 Wheelbarrow
26:42 Castle Age
25:53 Gold Mining
27:04 Crossbowman
27:42 Bodkin Arrow
30:04 Leather Archer Armor
30:51 Hand Cart
西当普利茨
6:58 Loom
9:18 Feudal Age
10:00 Double-Bit Axe
13:31 Scale Barding Armor
18:16 Bloodlines
20:17 Wheelbarrow
23:02 Castle Age
21:18 Horse Collar
22:01 Gold Mining
24:38 Chain Barding Armor
24:51 Husbandry
24:59 Light Cavalry
26:02 Bow Saw
28:13 Heavy Plow
29:54 Gold Shaft Mining
Cambo
7:18 Loom
10:06 Feudal Age
10:40 Double-Bit Axe
13:50 Fletching
15:16 Horse Collar
23:39 Castle Age
21:52 Gold Mining
22:46 Padded Archer Armor
24:15 Bodkin Arrow
24:00 Crossbowman
29:36 Wheelbarrow
33:19 Gold Shaft Mining
36:15 Imperial Age
34:37 Bow Saw
34:45 Leather Archer Armor
35:40 Stone Mining
36:22 Hand Cart
35:52 Town Watch
Connection lost

Rejoining the realm…

Still unreachable

The connection could not be restored.

Session expired

The server has moved on; the page needs a fresh start.